 Dungeon Crawl Stone Soup version 0.27.0-1-g7a089689b8 (webtiles) character file.

Game seed: 8212807536241002677

74 Thatpatchoflichen the Ogre Mage (level 4, -1/44 HPs)
             Began as an Ogre Hedge Wizard on Aug 7, 2021.
             Slain by Terence (6 damage)
             ... on level 2 of the Dungeon.
             The game lasted 00:06:54 (2601 turns).

Thatpatchoflichen the Ogre Mage (Ogre Hedge Wizard) Turns: 2601, Time: 00:06:55

Health: -1/44      AC:  6    Str: 14    XL:     4   Next: 30%
Magic:  10/10      EV:  9    Int: 16    God:
Gold:   68         SH:  0    Dex:  8    Spells: 4/11 levels left

rFire    . . .     SeeInvis .   h - +0 mace
rCold    . . .     Faith    .   (no shield)
rNeg     . . .     Spirit   .   b - +0 robe
rPois    .         Reflect  .   i - +2 hat
rElec    .         Harm     .   l - +0 cloak
rCorr    .         Rampage  .   (gloves unavailable)
Will     .....                  (boots unavailable)
Stlth    +.........             (no amulet)
HPRegen  0.14/turn              (no ring)
MPRegen  0.12/turn              (no ring)

@: no status effects
A: large, unfitting armour, tough skin 1
a: no special abilities


You were on level 2 of the Dungeon.
You visited 1 branch of the dungeon, and saw 3 of its levels.

You collected 68 gold pieces.

Inventory:

Hand Weapons
 a - a +0 dagger
 h - a +0 mace (weapon)
 m - a +0 flail
Armour
 b - a +0 robe (worn)
 i - a +2 hat (worn)
 l - a +0 cloak (worn)
Jewellery
 k - a ring of fire
Scrolls
 d - a scroll of enchant weapon {unknown}
 e - a scroll of summoning {unknown}
 f - a scroll of identify {unknown}
 j - a scroll of enchant armour {unknown}
Potions
 c - 3 potions of haste {unknown}
 g - a potion of attraction {unknown}


   Skills:
 + Level 2.7 Fighting
 + Level 1.1 Maces & Flails
 - Level 2.0 Dodging
 - Level 1.4 Stealth
 + Level 4.4 Spellcasting
 - Level 1.0 Conjurations
 + Level 1.2 Summonings
 - Level 0.8 Translocations


You had 4 spell levels left.
You knew the following spells:

 Your Spells              Type           Power      Damage    Failure   Level
a - Magic Dart            Conj           24%        1d4       11%         1
b - Call Imp              Summ           7%         N/A       16%         2
c - Slow                  Hex            3%         N/A       24%         2
d - Blink                 Tloc           N/A        N/A       17%         2

Your spell library contained the following spells:

 Spells                   Type           Power      Damage    Failure   Level
 Conjure Flame            Conj/Fire      5%         6-21      36%         3
 Mephitic Cloud           Conj/Pois/Air  4%         N/A       38%         3


Dungeon Overview and Level Annotations

Branches:
Dungeon (3/15)

Altars:

Annotations:
D:2 Terence


Innate Abilities, Weirdness & Mutations

You are too large for most types of armour.
You have tough skin. (AC +1)


Message History

Terence is moderately wounded.
Terence barely misses you.
You hit Terence but do no damage.
Terence is moderately wounded.
Terence hits you with a +0 mace. Terence barely misses you.
You barely miss Terence.
Terence is moderately wounded.
Terence closely misses you.
You hit Terence but do no damage.
Terence is moderately wounded.
Terence barely misses you.
You hit Terence but do no damage.
Terence is moderately wounded.
Terence hits you but does no damage.
You hit Terence.
Terence is heavily wounded.
Terence closely misses you. Terence hits you with a +0 mace!
* * * LOW HITPOINT WARNING * * *
You closely miss Terence.
Terence is heavily wounded.
Terence closely misses you.
You hit Terence.
Terence is severely wounded.
Terence misses you.
You hit Terence.
Terence is severely wounded.
Terence hits you but does no damage. Terence hits you with a +0 mace.
* * * LOW HITPOINT WARNING * * *
You hit Terence.
Terence is almost dead.
Terence barely misses you.
You hit Terence but do no damage.
Terence is almost dead.
Terence hits you with a +0 mace.
* * * LOW HITPOINT WARNING * * *
You barely miss Terence.
Terence is almost dead.
Terence bares his teeth.
Terence hits you with a +0 mace.
You die...

♣≈##...##.# ≈.......#.#
♣.##...(#.# #.##....#.#
#.##....#.# #.#####.#.#
........#.#
........#.##############
........#.......@@>.....
.....##.################
.....# # .....##.#
......... #)###.... #.#
. #.# #.#


You could see Terence (resistant).

Vanquished Creatures
  3 adders (D:2)
  7 endoplasms
  2 giant cockroaches (D:1)
  5 goblins
  2 hobgoblins (D:2)
  7 jackals (D:1)
  4 kobolds
  2 quokkas (D:1)
  2 ball pythons
  3 bats (D:1)
  6 rats
43 creatures vanquished.

Vanquished Creatures (others)
  12 plants (D:2)
12 creatures vanquished.

Grand Total: 55 creatures vanquished

Notes
Turn   | Place    | Note
-------+----------+-------------------------------------------
     0 | D:1      | Thatpatchoflichen the Ogre Hedge Wizard began the quest for
                  | the Orb.
     0 | D:1      | Reached XP level 1. HP: 16/16 MP: 5/5
     1 | D:1      | Found a runed translucent door.
   408 | D:1      | Reached skill level 1 in Fighting
   415 | D:1      | Reached XP level 2. HP: 17/27 MP: 4/6
   855 | D:1      | Reached skill level 4 in Spellcasting
  1075 | D:1      | Found a faded altar of an unknown god.
  1268 | D:2      | Reached skill level 1 in Conjurations
  1268 | D:2      | Reached XP level 3. HP: 33/35 MP: 8/8
  1287 | D:1      | Learned a level 2 spell: Call Imp
  1290 | D:1      | Learned a level 2 spell: Slow
  1293 | D:1      | Learned a level 2 spell: Blink
  1646 | D:1      | Reached skill level 1 in Summonings
  2088 | D:2      | Reached skill level 1 in Maces & Flails
  2144 | D:2      | Reached XP level 4. HP: 41/44 MP: 10/10
  2577 | D:2      | Noticed Terence
  2601 | D:2      | Slain by Terence

Illustrated notes

Levels and vault maps discovered:
D:1:      dpeg_arrival_caged_fury, layout_basic,
          shapermc_ecumenical_altar_flowoftime
D:2:      layout_basic, serial_forest, infiniplex_forest_end_3,
          infiniplex_forest_lined_3_way, infiniplex_forest_clump_tiny,
          infiniplex_forest_end_double, infiniplex_forest_straight_1,
          serial_bayou_lake_a, uniq_terence
D:3:      wad_lake_hut, layout_basic, uniq_robin

Skill      XL: |  1  2  3 |
---------------+----------+-----
Fighting       | 1 2 |  2.7
Dodging        | 2 |  2.0
Spellcasting   | 4 |  4.4
Conjurations   | 1 |  1.0
Summonings     | 1 |  1.2
Maces & Flails | 1 |  1.1
Stealth        | |  1.4
Translocations | |  0.8

Action                   |  1- 3 |  4- 6 || total
-------------------------+-------+-------++-------
Melee: Dagger            |    53 |       ||    53
       Mace              |    70 |    58 ||   128
 Cast: Magic Dart        |     6 |       ||     6
Armor: Robe              |    73 |    13 ||    86
Dodge: Dodged            |    90 |    29 ||   119
